 Dungeon Crawl Stone Soup version 0.22-a0-514-g96ba041d05 (webtiles) character file.

38234 D1HalberdGnoll the Pandemonic (level 13, -1/123 HPs)
             Began as a Deep Dwarf Hunter on June 19, 2018.
             Was a High Priest of Makhleb.
             Slain by a six-headed hydra (11 damage)
             ... on level 6 of the Lair of Beasts.
             The game lasted 00:38:26 (16310 turns).

D1HalberdGnoll the Pandemonic (Deep Dwarf Hunter)  Turns: 16310, Time: 00:38:27

Health: -1/123     AC: 20    Str: 21    XL:     13   Next: 62%
Magic:  17/17      EV: 12    Int: 11    God:    Makhleb [*****.]
Gold:   1499       SH:  0    Dex: 14    Spells: 12/12 levels left

rFire    . . .     SeeInvis +   a - +3 hand crossbow (chaos)
rCold    + . .     Gourm    .   (no shield)
rNeg     . . .     Faith    .   j - +5 scale mail of Thoughtfulness {+Inv MR+}
rPois    .         Spirit   .   B - +2 hat {MR+}
rElec    .         Reflect  .   c - +2 cloak
rCorr    .         Harm     .   (no gloves)
MR       +++..                  (no boots)
Stlth    ..........             (no amulet)
HPRegen  0.00/turn              q - ring of see invisible
MPRegen  0.15/turn              F - ring of protection from cold

@: very slightly contaminated, non-regenerating
A: damage resistance, heal wounds, antennae 1, high mp 1, sense surroundings 2,
shaggy fur 1, subdued magic 2, no regeneration
a: Heal Wounds, Minor Destruction, Lesser Servant of Makhleb, Major Destruction,
Greater Servant of Makhleb, Renounce Religion, Evoke Invisibility


You were on level 6 of the Lair of Beasts.
You worshipped Makhleb.
Makhleb was extremely pleased with you.
You were not hungry.

You visited 3 branches of the dungeon, and saw 17 of its levels.
You also visited: Bailey and Ice Cave.

You collected 1499 gold pieces.

Inventory:

Hand Weapons
 a - a +3 hand crossbow of chaos (weapon)
 b - a +2 hand axe of chopping
 e - a +0 war axe
 y - a +0 arbalest
 D - the +7 trident of the Lost Shrikes {venom, rC+ MR+}
   (You took it off an orc on level 7 of the Dungeon)

   It poisons the flesh of those it strikes.
   It protects you from cold.
   It affects your resistance to hostile enchantments.
 M - a +0 executioner's axe of freezing
Missiles
 d - 52 bolts (quivered)
Armour
 c - a +2 cloak (worn)
 j - the +5 scale mail of Thoughtfulness (worn) {+Inv MR+}
   (You took it off a gnoll on level 8 of the Dungeon)

   It affects your resistance to hostile enchantments.
   It lets you turn invisible.
 A - a +0 shield
 B - a +2 hat of magic resistance (worn)
 J - +1 ice dragon scales
Jewellery
 q - a ring of see invisible (left hand)
 F - a ring of protection from cold (right hand)
 P - a +2 ring of protection {unknown}
Wands
 i - a wand of digging (25)
 k - a wand of disintegration (9)
 m - a wand of acid (2)
 r - a wand of enslavement (11)
 u - a wand of flame (27)
 x - a wand of iceblast (16)
Scrolls
 n - 6 scrolls of remove curse
 o - a scroll of enchant weapon
 s - 2 scrolls of teleportation
 z - 5 scrolls of identify
 E - a scroll of immolation
 I - 2 scrolls of fog
 O - a scroll of enchant armour
 Q - a scroll of magic mapping
Potions
 g - 3 potions of lignification
 h - 2 potions of magic
 p - 3 potions of curing
 t - 2 potions of might
 v - 3 potions of agility
 w - 2 potions of brilliance
 C - a potion of ambrosia
 H - 2 potions of haste
Miscellaneous
 G - a lamp of fire (inert)
 K - a lightning rod (4/4)
Comestibles
 f - 25 rations
 N - 6 chunks of flesh


   Skills:
 + Level 10.0 Fighting
 + Level 11.2 Axes
 + Level 11.7 Crossbows
 - Level 10.0 Armour
 + Level 4.7 Dodging
 - Level 1.2 Stealth
 * Level 15.2 Invocations


You had 12 spell levels left.
You didn't know any spells.
Your spell library contained the following spells:

 Spells                   Type           Power        Failure   Level  Hunger
 Magic Dart               Conj           #...         54%         1    ##.....
 Iskenderun's Mystic Bla  Conj           #.......     100%        4    #####..
 Regeneration             Chrm/Necr      #.........   90%         3    ####...
 Sublimation of Blood     Necr           #.........   69%         2    ###....
 Spider Form              Tmut/Pois      #.........   90%         3    ####...
 Blade Hands              Tmut           #.........   100%        5    ######.
 Ice Form                 Ice/Tmut       #.......     100%        4    #####..
 Ignite Poison            Fire/Tmut/Pois #.......     90%         3    ####...
 Sticks to Snakes         Tmut           #.......     69%         2    ###....
 Alistair's Intoxication  Tmut/Pois      #.......     100%        5    ######.
 Petrify                  Tmut/Erth      #.......     100%        4    #####..
 Shroud of Golubria       Chrm/Tloc      #.........   69%         2    ###....
 Beastly Appendage        Tmut           #.....       54%         1    ##.....
 Fulminant Prism          Conj/Hex       #.........   100%        4    #####..
 Dazzling Spray           Conj/Hex       #.....       90%         3    ####...
 Force Lance              Conj/Tloc      #.......     100%        4    #####..
 Infusion                 Chrm           #...         54%         1    ##.....
 Song of Slaying          Chrm           #.......     69%         2    ###....
 Spectral Weapon          Hex/Chrm       #.......     90%         3    ####...
 Searing Ray              Conj           #.....       69%         2    ###....
 Irradiate                Conj/Tmut      #.........   100%        5    ######.


Dungeon Overview and Level Annotations

Branches:
Dungeon (10/15)            Temple (1/1) D:7            Lair (6/6) D:10
  Swamp (0/4) Lair:4        Snake (0/4) Lair:4        Slime (0/5) Lair:6
    Orc: D:9-12

Altars:
Ashenzari
Cheibriados
Dithmenos
Elyvilon
Fedhas
Gozag
Hepliaklqana
Kikubaaqudgha
Makhleb
Nemelex Xobeh
Okawaru
Qazlal
Ru
Sif Muna
Trog
Uskayaw
Vehumet
Wu Jian
Xom
Yredelemnul
Zin
The Shining One
Jiyva

Shops:
D:7 %   D:8 }

Annotations:
Lair:1 Myicak Veof's ghost, journeyman DsFE


Innate Abilities, Weirdness & Mutations

You are resistant to damage.
You can heal yourself by infusing magical energy.
You passively map the area around you.
You do not regenerate.
You have a pair of small antennae on your head.
You have an increased reservoir of magic. (+10% MP)
You are covered in fur. (AC +1)
Your spells are easier to cast, but less powerful.


Message History

Evoke which item? (* to show all) (? for menu, Esc to quit)
Aiming: Corrosive Bolt
Press: ? - help, Shift-Dir - straight line, f/p - six-headed hydra
Aim: a six-headed hydra (severely wounded, berserk, fast, unusually strong, covered in acid)
The bolt of acid hits the six-headed hydra.
The six-headed hydra is splashed with acid.
The six-headed hydra is almost dead.
The six-headed hydra bites you but does no damage.
The six-headed hydra barely misses you. The six-headed hydra misses you.
The six-headed hydra bites you but does no damage.
The six-headed hydra bites you!
* * * LOW HITPOINT WARNING * * *
The six-headed hydra bites you!!
* * * LOW HITPOINT WARNING * * *
A yak comes into view.
The six-headed hydra bites you but does no damage. x2
The six-headed hydra closely misses you.
The six-headed hydra bites you but does no damage.
The six-headed hydra bites you!
You die...

...#... *#.#,,......###
** ####..## , ..#...
#..P..... .##.#..# ,
.....##..#..... ,,
.##....# ** ,##.
#..#.(YY(YY( , #.#...# *
* .. ,##...#..... ##....#
#.###...#...... #....##
##..##...##..#P.
##...#### #..P#.Y.....##
* ##.#.#..## #.@DY......#
#.....#..###
##.##......##
.#......##.###P..#.#...##
...#..P......P........#.#
#######................##
##.....#♣........#
##.#..♣♣.≈≈≈P♣♣##
##.###♣≈P≈≈≈♣ ###
P♣≈≈≈P≈≈#


You could see a six-headed hydra (berserk) and 3 yaks.

Vanquished Creatures
  Gastronok (Lair:1)
  3 hydras
  A catoblepas (Lair:4)
  Erica (Lair:2)
  2 two-headed ogres (D:9)
  Sonja (Lair:2)
  An orc knight (Bailey)
  2 ugly things (IceCv)
  4 black mambas
  13 elephants (Lair:6)
  A torpor snail (Lair:5)
  3 ice statues (IceCv)
  4 spiny frogs
  5 komodo dragons
  2 trolls
  2 polar bears
  A bog body (Lair:4)
  3 blink frogs (Lair:5)
  4 slime creatures (Lair:1)
  4 hippogriffs
  3 dream sheep (Lair:5)
  Sigmund (D:5)
  4 orc warriors
  2 spriggans (Lair:3)
  44 yaks
  Eustachio (D:5)
  A basilisk (Lair:2)
  A wraith (D:10)
  3 swamp worms (Lair:4)
  Duvessa (D:7)
  5 porcupines
  10 water moccasins
  9 ice beasts
  5 sky beasts
  A hornet zombie (D:9)
  2 phantoms (D:8)
  2 black bears
  13 wolves
  5 ogres
  5 centaurs
  8 crocodiles
  A big kobold (D:8)
  10 bullfrogs
  2 scorpions (D:8)
  5 killer bees (D:9)
  4 wights (D:10)
  3 howler monkeys
  An electric eel (Lair:4)
  6 jellies
  5 crimson imps
  A bullfrog zombie (D:10)
  A quasit (D:6)
  4 hounds
  A bullfrog skeleton (D:5)
  7 orc priests
  2 iguanas (D:4)
  Terence (D:2)
  16 orc wizards
  2 worker ants (D:4)
  2 hound zombies
  A worker ant zombie (D:5)
  9 adders
  6 gnolls
  4 shadow imps
  4 adder zombies
  4 worms
  2 dart slugs
  8 leopard geckos
  50 orcs
  4 giant cockroaches
  13 goblins
  11 hobgoblins
  9 jackals
  9 kobolds
  8 quokkas
  2 ball pythons
  6 bats
  8 frilled lizards
  A jackal skeleton (D:6)
  A leopard gecko skeleton (D:8)
  A leopard gecko zombie (D:2)
  A quokka zombie (D:6)
  7 rats
  2 fungi
429 creatures vanquished.

Vanquished Creatures (collateral kills)
  An orc knight (Bailey)
  Maurice (D:9)
  An elephant (Lair:6)
  2 orc warriors (Bailey)
  An orc (Bailey)
6 creatures vanquished.

Vanquished Creatures (others)
  An ice beast (D:6)
  A wolf (Lair:5)
  A human (D:5)
  Dowan (D:7)
  8 fungi (Lair:6)
  20 plants (Lair:6)
32 creatures vanquished.

Grand Total: 467 creatures vanquished

Notes
Turn   | Place    | Note
-------+----------+-------------------------------------------
     0 | D:1      | D1HalberdGnoll the Deep Dwarf Hunter began the quest for the Orb.
     0 | D:1      | Reached XP level 1. HP: 19/19 MP: 1/1
   130 | D:1      | Reached XP level 2. HP: 26/26 MP: 2/2
   372 | D:1      | Reached skill level 1 in Armour
   667 | D:2      | Reached XP level 3. HP: 30/32 MP: 3/3
   668 | D:2      | Noticed Terence
   676 | D:2      | Killed Terence
   676 | D:2      | Reached skill level 5 in Crossbows
   866 | D:2      | Reached XP level 4. HP: 24/39 MP: 4/4
   921 | D:2      | Noticed a sky beast
   940 | D:2      | Killed a sky beast
   940 | D:2      | Reached XP level 5. HP: 15/46 MP: 5/5
  2437 | D:3      | You fall through a shaft for 2 floors!
  2437 | D:5      | Entered Level 5 of the Dungeon
  2437 | D:5      | Noticed an ogre
  2445 | D:5      | Killed an ogre
  2445 | D:5      | Reached XP level 6. HP: 52/56 MP: 6/6
  2482 | D:5      | Reached skill level 1 in Axes
  2576 | D:4      | Reached XP level 7. HP: 46/62 MP: 6/6
  3085 | D:3      | Found a bloodstained altar of Trog.
  3453 | D:5      | Noticed Sigmund
  3457 | D:5      | Killed Sigmund
  3457 | D:5      | Reached XP level 8. HP: 57/72 MP: 7/7
  3622 | D:5      | Noticed Eustachio
  3640 | D:5      | Killed Eustachio
  3872 | D:5      | Found an ancient bone altar of Kikubaaqudgha.
  3987 | D:5      | Found a blossoming altar of Fedhas.
  4165 | D:6      | Found an ancient bone altar of Kikubaaqudgha.
  4242 | D:6      | Reached skill level 5 in Armour
  4337 | D:6      | Reached skill level 5 in Fighting
  4449 | D:6      | Gained mutation: You passively map the area around you. [Deep Dwarf growth]
  4449 | D:6      | Reached XP level 9. HP: 77/81 MP: 6/6
  4868 | D:6      | Reached skill level 5 in Axes
  5913 | D:7      | Found Bafac's Food Boutique.
  5959 | D:7      | Reached skill level 10 in Crossbows
  6075 | D:7      | Got a translucent trident {venom}
  6117 | D:7      | Identified the +7 trident of the Lost Shrikes {venom, rC+ MR+} (You took it off an orc on level 7 of the Dungeon)
  6130 | D:7      | Noticed Dowan
  6131 | D:7      | Noticed Duvessa
  6136 | D:7      | Your ally died
  6143 | D:7      | Killed Duvessa
  6286 | D:7      | Found a staircase to the Ecumenical Temple.
  6329 | Temple   | Entered the Ecumenical Temple
  6539 | Temple   | Became a worshipper of Makhleb the Destroyer
  6581 | D:7      | Reached skill level 1 in Invocations
  6767 | D:8      | Reached skill level 2 in Invocations
  6853 | D:8      | Reached skill level 3 in Invocations
  6887 | D:8      | Got a smoking scale mail
  7020 | D:8      | Identified the +5 scale mail of Thoughtfulness {+Inv MR+} (You took it off a gnoll on level 8 of the Dungeon)
  7161 | D:8      | Found a shimmering altar of Xom.
  7265 | D:8      | Found Dixtib's Gadget Shoppe.
  7283 | D:8      | Reached XP level 10. HP: 67/91 MP: 7/7
  7414 | D:8      | Reached * piety under Makhleb
  7414 | D:8      | Reached skill level 4 in Invocations
  7837 | D:9      | Noticed a two-headed ogre
  7852 | D:9      | Killed a two-headed ogre
  7852 | D:9      | Reached skill level 5 in Invocations
  7854 | D:9      | Killed a two-headed ogre
  7854 | D:9      | Reached skill level 6 in Invocations
  7945 | D:9      | Noticed Maurice
  7946 | D:9      | Got a scorched scale mail
  8025 | D:9      | Killed Maurice
  8025 | D:9      | Reached skill level 7 in Invocations
  8245 | D:9      | Identified the cursed +0 scale mail of Bouck {rF+} (You found it on level 9 of the Dungeon)
  8654 | D:10     | Entered Level 10 of the Dungeon
  8725 | D:10     | Reached ** piety under Makhleb
  8780 | D:10     | Reached skill level 8 in Invocations
  8990 | D:10     | Found a staircase to the Lair.
  9254 | D:10     | Found a flagged portal.
  9291 | Bailey   | Entered a bailey
  9395 | Bailey   | Reached XP level 11. HP: 88/100 MP: 12/12
  9540 | Bailey   | Noticed an orc knight
  9541 | Bailey   | Noticed an orc knight
  9556 | Bailey   | Killed an orc knight
  9584 | Bailey   | Killed an orc knight
 10056 | Lair:1   | Entered Level 1 of the Lair of Beasts
 10128 | D:10     | Gained mutation: You occasionally shout uncontrollably at your foes. [potion of mutation]
 10128 | D:10     | Gained mutation: Your spells are a little easier to cast, but a little less powerful. [potion of mutation]
 10128 | D:10     | Gained mutation: Scrolls take you a little longer to read. [potion of mutation]
 10128 | D:10     | Gained mutation: You have a pair of small antennae on your head. [potion of mutation]
 10168 | Lair:1   | Reached skill level 9 in Invocations
 10663 | Lair:1   | Found a runed gate.
 10663 | Lair:1   | Found a runed gate.
 10663 | Lair:1   | Found a runed gate.
 10781 | Lair:1   | Noticed Gastronok
 10803 | Lair:1   | Killed Gastronok
 10803 | Lair:1   | Reached skill level 10 in Invocations
 11190 | Lair:1   | Found a viscous altar of Jiyva.
 11190 | Lair:1   | Noticed Myicak Veof's ghost (journeyman DsFE)
 11281 | Lair:1   | Reached *** piety under Makhleb
 11425 | Lair:2   | Noticed Sonja
 11430 | Lair:2   | Killed Sonja
 11432 | Lair:2   | Noticed an eight-headed hydra
 11439 | Lair:2   | Killed an eight-headed hydra
 11439 | Lair:2   | Reached skill level 11 in Invocations
 11524 | Lair:2   | Noticed a seven-headed hydra
 11536 | Lair:2   | Killed a seven-headed hydra
 11807 | Lair:2   | Noticed Erica
 11824 | Lair:2   | Killed Erica
 11824 | Lair:2   | Reached XP level 12. HP: 34/112 MP: 13/13
 12322 | Lair:3   | Reached skill level 12 in Invocations
 12789 | Lair:3   | Found a frozen archway.
 12810 | IceCv    | Entered an ice cave
 12855 | IceCv    | Reached skill level 10 in Armour
 12884 | IceCv    | Lost mutation: You occasionally shout uncontrollably at your foes. [potion of mutation]
 12884 | IceCv    | Lost mutation: Scrolls take you a little longer to read. [potion of mutation]
 12884 | IceCv    | Gained mutation: You are covered in fur. (AC +1) [potion of mutation]
 12884 | IceCv    | Gained mutation: Your spells are easier to cast, but less powerful. [potion of mutation]
 12884 | IceCv    | Gained mutation: You have an increased reservoir of magic. (+10% MP) [potion of mutation]
 12901 | IceCv    | Reached **** piety under Makhleb
 12978 | IceCv    | Reached skill level 10 in Axes
 13406 | Lair:4   | Noticed a catoblepas
 13421 | Lair:4   | Killed a catoblepas
 13421 | Lair:4   | Reached skill level 13 in Invocations
 13510 | Lair:4   | Found a staircase to the Swamp.
 13980 | Lair:4   | Found a staircase to the Snake Pit.
 14909 | Lair:5   | Noticed a four-headed hydra
 14914 | Lair:5   | Killed a four-headed hydra
 14932 | Lair:5   | Reached XP level 13. HP: 121/121 MP: 17/17
 15024 | Lair:5   | Reached skill level 14 in Invocations
 15654 | Lair:6   | Entered Level 6 of the Lair of Beasts
 15710 | Lair:6   | Reached ***** piety under Makhleb
 15931 | Lair:6   | Found a staircase to the Slime Pits.
 16190 | Lair:6   | Reached skill level 15 in Invocations
 16212 | Lair:6   | Reached skill level 10 in Fighting
 16305 | Lair:6   | HP: 5/123 [six-headed hydra (12)]
 16310 | Lair:6   | Slain by a six-headed hydra

Vault maps used:
D:1:      dpeg_chamrin_arrival_tetris
D:2:      minmay_split_cup_large, uniq_terence
D:3:      marbit_many_paths, feat_on_display
D:5:      fedhas_altar_2, first_ration, nicolae_ossuary_entry_monument,
          serial_bayou_pond_a, corexii_leaking_fountain, tgw_kikubaaqudgha,
          uniq_eustachio, uniq_sigmund
D:6:      overflow_temple_1_default
D:7:      minmay_temple_entry_metal_lava, serial_shops, shop, uniq_duvessa
D:8:      overflow_temple_1_default, serial_shops,
          nicolae_shop_competitors_out_of_business, blue_anna_alchemist
D:9:      uniq_maurice
D:10:     lair_entry_dummy, enter_bailey_7
Temple:   eino_narrow_crystal_temple
Lair:1:   gammafunk_ghost_ooze, minivault_26, cheibrodos_lair_reptile_den,
          serial_bayou_shore_a, uniq_gastronok
Lair:2:   uniq_erica, uniq_sonja
Lair:3:   portal_ice_cave_entry_pillars_2, forest_entry_grove
Lair:4:   nicolae_swamp_entry_splash_gauntlet, hangedman_lair_unloving_vines,
          minivault_27
Lair:5:   cheibrodos_lair_caveside_slide
Lair:6:   guppyfry_lair_end_dragon, hangedman_lair_in_review, slime_dummy,
          serial_bayou_shore_b
Bailey:   bailey_polearm_1, bailey
IceCv:    ice_cave_statue_garden_chambered

Skill      XL: |  1  2  3  4  5  6  7  8  9 10 11 12 13 |
---------------+----------------------------------------+-----
Fighting       | 2 3 4 5 6 7 8 9 10 | 10.0
Armour         | 1 2 3 4 5 6 8 9 10 | 10.0
Crossbows      | 5 6 8 9 10 11 | 11.7
Dodging        | 3 4 |  4.7
Axes           | 1 3 4 6 8 9 10 11 | 11.2
Invocations    | 3 8 11 13 15 | 15.2
Stealth        | |  1.2

Action                   |  1- 3 |  4- 6 |  7- 9 | 10-12 | 13-15 || total
-------------------------+-------+-------+-------+-------+-------++-------
Melee: Short sword       |     8 |       |       |       |       ||     8
       War axe           |       |    19 |       |    24 |       ||    43
       Hand axe          |       |       |   284 |    39 |       ||   323
       Trident           |       |       |    22 |   201 |       ||   223
       Executioner's axe |       |       |       |    48 |   165 ||   213
 Fire: Hand crossbow     |    61 |   134 |   214 |   459 |    51 ||   919
Invok: Lesser Servant of |       |       |       |       |     1 ||     1
 Abil: Heal Wounds       |       |     5 |    12 |    13 |     5 ||    35
Evoke: Wand              |       |     1 |    11 |    14 |     3 ||    29
       Lamp of fire      |       |       |       |     2 |     1 ||     3
  Use: Scroll            |       |     2 |    13 |    10 |     2 ||    27
       Potion            |       |       |       |    14 |     1 ||    15
  Eat: Chunk             |       |     5 |     9 |    10 |     5 ||    29
       Ration            |       |       |     2 |     4 |       ||     6
Armor: Leather armour    |     3 |       |       |       |       ||     3
       Chain mail        |     7 |    46 |   190 |       |       ||   243
       Scale mail        |       |       |     5 |   252 |   232 ||   489
       Ice dragon scales |       |       |       |   111 |       ||   111
Dodge: Dodged            |    16 |    39 |   181 |   346 |   213 ||   795
Block: Shield            |       |       |       |    60 |       ||    60

Table legend:
 A = Spawn XP
 B = Non-spawn XP
 C = Spawn XP percentage of total XP
 D = Spawn monster count
 E = Non-spawn monster count
 F = Spawn count percentage of total count
 G = Total turns spent on level
                    A         B        C        D         E        F      G
               +---------+---------+-------+---------+---------+-------+---------
         Total |       0 |   54620 |   0.0 |       0 |     435 |   0.0 | 16310
               +---------+---------+-------+---------+---------+-------+---------
           D:1 |       0 |      37 |   0.0 |       0 |      21 |   0.0 |   660
           D:2 |       0 |     253 |   0.0 |       0 |      36 |   0.0 |  1013
           D:3 |       0 |      53 |   0.0 |       0 |      23 |   0.0 |  1093
           D:4 |       0 |     522 |   0.0 |       0 |      25 |   0.0 |   581
           D:5 |       0 |    1161 |   0.0 |       0 |      18 |   0.0 |   817
           D:6 |       0 |    1313 |   0.0 |       0 |      30 |   0.0 |  1347
           D:7 |       0 |    1296 |   0.0 |       0 |      29 |   0.0 |   988
           D:8 |       0 |    1587 |   0.0 |       0 |      32 |   0.0 |  1041
           D:9 |       0 |    3368 |   0.0 |       0 |      22 |   0.0 |   888
          D:10 |       0 |    1861 |   0.0 |       0 |      23 |   0.0 |   974
        Lair:1 |       0 |    5586 |   0.0 |       0 |      18 |   0.0 |  1225
        Lair:2 |       0 |    4674 |   0.0 |       0 |      12 |   0.0 |   779
        Lair:3 |       0 |    4701 |   0.0 |       0 |      21 |   0.0 |   886
        Lair:4 |       0 |    2630 |   0.0 |       0 |      14 |   0.0 |   884
        Lair:5 |       0 |    7863 |   0.0 |       0 |      33 |   0.0 |  1476
        Lair:6 |       0 |   13822 |   0.0 |       0 |      50 |   0.0 |   642
        Bailey |       0 |     719 |   0.0 |       0 |      17 |   0.0 |   521
         IceCv |       0 |    3174 |   0.0 |       0 |      11 |   0.0 |   269
               +---------+---------+-------+---------+---------+-------+---------
